 Dungeon Crawl Stone Soup version 0.23.2-33-g5129a83184 (webtiles) character file.

Game seed: 14759413604022273862

366 Derp the Cudgeler (level 6, -5/51 HPs)
             Began as a Gnoll Wanderer on July 13, 2019.
             Killed by divine providence
             ... invoked by an orc priest
              (12 damage)
             ... on level 5 of the Dungeon.
             The game lasted 00:21:03 (3501 turns).

Derp the Cudgeler (Gnoll Wanderer)                  Turns: 3501, Time: 00:21:03

Health: -5/51      AC: 10    Str: 16    XL:     6   Next: 68%
Magic:  14/14      EV:  7    Int: 13    God:
Gold:   268        SH:  0    Dex: 16    Spells: 14/15 levels left

rFire    . . .     SeeInvis .   a - +2 mace
rCold    . . .     Gourm    .   (no shield)
rNeg     . . .     Faith    .   v - +0 chain mail
rPois    +         Spirit   .   d - +0 helmet
rElec    .         Reflect  .   (no cloak)
rCorr    .         Harm     .   n - +0 pair of gloves
MR       .....                  (no boots)
Stlth    ..........             (no amulet)
HPRegen  0.17/turn              l - ring of poison resistance
MPRegen  0.14/turn              (no ring)

@: no status effects
A: distributed training, fangs 1, strong nose
a: no special abilities


You were on level 5 of the Dungeon.
You were not hungry.

You visited 1 branch of the dungeon, and saw 5 of its levels.

You collected 268 gold pieces.

Inventory:

Hand Weapons
 a - a +2 mace (weapon)
 g - a +1 short sword of holy wrath
Armour
 d - a +0 helmet (worn)
 n - a +0 pair of gloves (worn)
 v - a +0 chain mail (worn)
Jewellery
 l - a ring of poison resistance (left hand)
 u - a cursed ring of attention
Wands
 m - a wand of paralysis (5)
 w - a wand of iceblast (6)
Scrolls
 c - 2 scrolls of remove curse {unknown}
 i - a scroll of blinking {unknown}
 k - a scroll of magic mapping {unknown}
 r - a scroll of identify
 s - a scroll of random uselessness {unknown}
Potions
 b - a potion of curing
 e - a potion of ambrosia {unknown}
 h - 2 potions of flight {unknown}
 j - 3 potions of brilliance {unknown}
 p - a potion of invisibility {unknown}
 q - 2 potions of agility {unknown}
 t - a potion of lignification {unknown}
 x - a potion of might {unknown}
Comestibles
 f - 7 rations


   Skills:
 + Level 5.0 Fighting
 + Level 2.0 Short Blades
 + Level 2.0 Long Blades
 + Level 2.0 Axes
 + Level 6.8 Maces & Flails
 + Level 2.0 Polearms
 + Level 2.0 Staves
 + Level 2.0 Slings
 + Level 2.0 Bows
 + Level 2.0 Crossbows
 + Level 3.3 Throwing
 + Level 2.0 Armour
 + Level 2.0 Dodging
 + Level 2.0 Stealth
 + Level 2.0 Shields
 + Level 2.0 Unarmed Combat
 + Level 5.4 Spellcasting
 + Level 1.6 Conjurations
 + Level 1.6 Hexes
 + Level 1.6 Charms
 + Level 1.6 Summonings
 + Level 1.6 Necromancy
 + Level 1.6 Translocations
 + Level 1.6 Transmutations
 + Level 1.6 Fire Magic
 + Level 1.6 Ice Magic
 + Level 1.6 Air Magic
 + Level 2.6 Earth Magic
 + Level 1.6 Poison Magic
 + Level 2.2 Invocations
 + Level 3.3 Evocations


You had 14 spell levels left.
You knew the following spells:

 Your Spells              Type           Power        Failure   Level  Hunger
a - Sandblast             Erth           ##....       73%         1    None

Your spell library contained the following spells:

 Spells                   Type           Power        Failure   Level  Hunger
 Stone Arrow              Conj/Erth      #.....       99%         3    ###....


Dungeon Overview and Level Annotations

Branches:
Dungeon (5/15)
 Temple: D:4-7

Altars:
Ashenzari
Cheibriados
Dithmenos
Nemelex Xobeh
Qazlal
Uskayaw
Yredelemnul


Innate Abilities, Weirdness & Mutations

Your experience applies equally to all skills.
You have very sharp teeth.
Your uncanny sense of smell can sniff out nearby items.


Message History

The orc priest closely misses you.
The phantom blinks!
The ogre barely misses you. The orc priest closely misses you.
The ogre hits you with a +0 giant club!
The orc priest looks encouraged for a moment.
The orc hits you but does no damage.
The phantom hits you but does no damage.
The phantom hits you but does no damage.
The orc priest invokes the aid of Beogh against you.
Beogh smites you!
* * * LOW HITPOINT WARNING * * *
The phantom hits you.
* * * LOW HITPOINT WARNING * * *
A worker ant comes into view.
The worker ant twitches its antennae in your direction.
The phantom blinks!
Found a stone staircase leading down.
The orc priest calls down the wrath of Beogh upon you.
Beogh smites you!
You die...

#..........<....#..∆
#.................
#...............#
#.............#
#..........<.#
#.##o#......)#
##...####### #.Oo##
#@#.# #.#.# ∆ ....#
∆ .....# ∆ .....a.
........# ........>.
........####


You could see an ogre, a worker ant, an orc priest and an orc.

Vanquished Creatures
  2 scorpions
  A hound (D:4)
  An orc priest (D:4)
  An orc wizard (D:4)
  A hound skeleton (D:4)
  Robin (D:4)
  A gnoll (D:3)
  2 adders
  2 oozes (D:3)
  5 worms
  2 dart slugs
  11 orcs
  6 giant cockroaches
  12 goblins
  11 hobgoblins
  A ball python (D:2)
  11 bats
  13 frilled lizards
  6 kobolds
  8 rats
98 creatures vanquished.

Notes
Turn   | Place    | Note
-------+----------+-------------------------------------------
     0 | D:1      | Derp the Gnoll Wanderer began the quest for the Orb.
     0 | D:1      | Derp set off with the following items: a +2 mace, a potion
                  | of curing, a +0 robe, a ration; and the following spell
                  | memorised: Sandblast; and the following spells available to
                  | memorise: Stone Arrow
     0 | D:1      | Reached XP level 1. HP: 20/20 MP: 6/6
   101 | D:1      | Reached XP level 2. HP: 26/26 MP: 7/7
   433 | D:1      | Found a basalt altar of Yredelemnul.
   438 | D:1      | Reached XP level 3. HP: 31/31 MP: 9/9
   573 | D:2      | Reached skill level 5 in Spellcasting
   700 | D:2      | Reached skill level 1 in Invocations
   880 | D:2      | Reached skill level 1 in Short Blades
   880 | D:2      | Reached skill level 1 in Long Blades
   880 | D:2      | Reached skill level 1 in Axes
   880 | D:2      | Reached skill level 1 in Polearms
   880 | D:2      | Reached skill level 1 in Staves
   880 | D:2      | Reached skill level 1 in Slings
   880 | D:2      | Reached skill level 1 in Bows
   880 | D:2      | Reached skill level 1 in Crossbows
   880 | D:2      | Reached skill level 1 in Armour
   880 | D:2      | Reached skill level 1 in Dodging
   880 | D:2      | Reached skill level 1 in Stealth
   880 | D:2      | Reached skill level 1 in Shields
   880 | D:2      | Reached skill level 1 in Unarmed Combat
   895 | D:2      | Found a faded altar of an unknown god.
   960 | D:2      | Found a shadowy altar of Dithmenos.
  1073 | D:2      | Reached XP level 4. HP: 36/38 MP: 11/11
  1584 | D:3      | Reached skill level 1 in Conjurations
  1584 | D:3      | Reached skill level 1 in Hexes
  1584 | D:3      | Reached skill level 1 in Charms
  1584 | D:3      | Reached skill level 1 in Summonings
  1584 | D:3      | Reached skill level 1 in Necromancy
  1584 | D:3      | Reached skill level 1 in Translocations
  1584 | D:3      | Reached skill level 1 in Transmutations
  1584 | D:3      | Reached skill level 1 in Fire Magic
  1584 | D:3      | Reached skill level 1 in Ice Magic
  1584 | D:3      | Reached skill level 1 in Air Magic
  1584 | D:3      | Reached skill level 1 in Poison Magic
  1584 | D:3      | Reached XP level 5. HP: 24/43 MP: 12/12
  1635 | D:3      | Found a sparkling altar of Nemelex Xobeh.
  1638 | D:3      | Found a shattered altar of Ashenzari.
  2028 | D:3      | Found a snail-covered altar of Cheibriados.
  2670 | D:4      | Noticed Robin
  2721 | D:4      | Killed Robin
  2859 | D:4      | Reached XP level 6. HP: 45/50 MP: 13/13
  2906 | D:4      | Found a glowing drain.
  3032 | D:4      | Reached skill level 5 in Fighting
  3036 | D:4      | Noticed a +0 hand axe
  3037 | D:4      | Found a hide-covered altar of Uskayaw.
  3038 | D:4      | Noticed a +0 hand axe
  3189 | D:4      | Found a stormy altar of Qazlal.
  3481 | D:5      | Entered Level 5 of the Dungeon
  3489 | D:5      | Noticed a phantom
  3501 | D:5      | Killed from afar by an orc priest

Skill      XL: |  1  2  3  4  5  6 |
---------------+-------------------+-----
Earth Magic    | 2 |  2.6
Spellcasting   | 5 |  5.4
Invocations    | 1 2 |  2.2
Short Blades   | 1 2 |  2.0
Long Blades    | 1 2 |  2.0
Axes           | 1 2 |  2.0
Polearms       | 1 2 |  2.0
Staves         | 1 2 |  2.0
Slings         | 1 2 |  2.0
Bows           | 1 2 |  2.0
Crossbows      | 1 2 |  2.0
Armour         | 1 2 |  2.0
Dodging        | 1 2 |  2.0
Stealth        | 1 2 |  2.0
Shields        | 1 2 |  2.0
Unarmed Combat | 1 2 |  2.0
Conjurations   | 1 |  1.6
Hexes          | 1 |  1.6
Charms         | 1 |  1.6
Summonings     | 1 |  1.6
Necromancy     | 1 |  1.6
Translocations | 1 |  1.6
Transmutations | 1 |  1.6
Fire Magic     | 1 |  1.6
Ice Magic      | 1 |  1.6
Air Magic      | 1 |  1.6
Poison Magic   | 1 |  1.6
Throwing       | 3 |  3.3
Evocations     | 3 |  3.3
Fighting       | 5 |  5.0
Maces & Flails | |  6.8

Action                   |  1- 3 |  4- 6 || total
-------------------------+-------+-------++-------
Melee: Mace              |    78 |   198 ||   276
       Bite              |     6 |    13 ||    19
       Punch             |       |     1 ||     1
  Use: Scroll            |     2 |     2 ||     4
       Potion            |       |     1 ||     1
 Stab: Sleeping          |     2 |     2 ||     4
       Distracted        |     1 |       ||     1
  Eat: Chunk             |       |     4 ||     4
       Ration            |       |     2 ||     2
Armor: Robe              |    31 |    21 ||    52
       Ring mail         |       |    19 ||    19
       Chain mail        |       |    43 ||    43
Dodge: Dodged            |    62 |   132 ||   194
